 Dungeon Crawl Stone Soup version 0.31-a0-795-g5eb97db20b (webtiles) character file.

Game seed: 10670572263335317697

31 Babbit the Charlatan (level 3, -2/28 HPs)
             Began as a Draconian Artificer on Sept 18, 2023.
             Slain by a hobgoblin
             ... wielding a +0 war axe
              (11 damage)
             ... on level 2 of the Dungeon.
             The game lasted 00:03:30 (887 turns).

Babbit the Charlatan (Draconian Artificer)           Turns: 887, Time: 00:03:31

Health: -2/28      AC:  5    Str: 16    XL:     3   Next: 7%
Magic:  3/3        EV: 12    Int: 11    God:
Gold:   27         SH:  0    Dex: 11    Spells: 2/2 levels left

rFire   . . .        a - +0 club
rCold   . . .        (no shield)
rNeg    . . .        (body armour unavailable)
rPois   .            (helmet restricted)
rElec   .            (no cloak)
rCorr   .            (no gloves)
SInv    .            (no boots)
Will    .....        (no amulet)
Stlth   +            e - ring of flight
HPRegen 0.24/turn    (no ring)
MPRegen 0.08/turn

%: no passive effects
@: flying
A: AC +5, unfitting armour, cold-blooded
a: no special abilities


You were on level 2 of the Dungeon.
You visited 1 branch of the dungeon, and saw 2 of its levels.

You collected 27 gold pieces.

Inventory:

Hand Weapons
 a - a +0 club (weapon)
 g - a +0 dagger of draining
Jewellery
 e - a ring of flight (left hand)
Wands
 b - a wand of flame (8) (quivered)
 c - a wand of charming (15)
 d - a wand of iceblast (5)
Scrolls
 i - a scroll of teleportation {unknown}
 j - a scroll of torment {unknown}
Potions
 f - 2 potions of curing {unknown}
 h - a potion of resistance {unknown}


   Skills:
 + Level 1.2 Fighting
 + Level 0.3 Maces & Flails
 + Level 2.9 Dodging
 + Level 0.9 Stealth
 + Level 3.5 Evocations


You had 2 spell levels left.
You didn't know any spells.
Your spell library was empty.

Dungeon Overview and Level Annotations

Branches:
Dungeon (2/15)

Altars:


Innate Abilities, Weirdness & Mutations

Your plain brown scales are hard. (AC +5)
You cannot fit into any form of body armour.
You are cold-blooded and may be slowed by cold attacks.


Message History

Press: ? - help, Q - select action, (/) - cycle Shift-Dir - straight line, f/p - worm
Aim: a worm (moderately wounded, 90% to hit)
The puff of flame hits the worm.
The worm is heavily wounded.
You completely miss the worm.
The worm is heavily wounded.
The worm closely misses you.
You hit the worm.
The worm is heavily wounded.
You hit the worm.
The worm is severely wounded.
The worm closely misses you.
You hit the worm.
The worm is severely wounded.
The worm closely misses you.
You hit the worm.
The worm is severely wounded.
The worm bites you.
You barely miss the worm.
The worm is severely wounded.
The worm misses you.
Aiming: Throw Flame
Press: ? - help, Q - select action, (/) - cycle Shift-Dir - straight line, f/p - worm
Aim: a worm (heavily wounded, 90% to hit)
The puff of flame hits the worm!
You kill the worm!
You have reached level 3!
Your experience leads to an increase in your attributes!
Increase (S)trength, (I)ntelligence, or (D)exterity?
You feel stronger. x2; Your scales feel tougher.
Things that are here:
a hobgoblin corpse; a jackal corpse You see here 13 gold pieces.
You hit the hobgoblin but do no damage. The hobgoblin closely misses you.
You completely miss the hobgoblin.
The hobgoblin hits you with a +0 war axe.
The hobgoblin hits you with a +0 war axe!
You hit the hobgoblin but do no damage.
The hobgoblin hits you with a +0 war axe!
You die...

#.# #. #.... #.# ##
#.... #.# #....##
######.### ##.....##
#..†.....#
#.......######...)....#
#.......##...'........#
#.......##.###........#
#.....g@†...###########
#......?##..#
.#########..# #..# #..#
#..# .... ##..# ?..


You could see a hobgoblin.

Vanquished Creatures
  A worm (D:2)
  3 dart slugs
  A bat (D:1)
  6 endoplasms
  A goblin (D:2)
  2 hobgoblins
  A jackal (D:2)
  A quokka (D:2)
  A frilled lizard (D:1)
  2 kobolds
19 creatures vanquished.

Notes
Turn   | Place    | Note
-------+----------+-------------------------------------------
     0 | D:1      | Babbit the Draconian Artificer began the quest for the Orb.
     0 | D:1      | Reached XP level 1. HP: 16/16 MP: 1/1
   296 | D:1      | Reached XP level 2. HP: 8/22 MP: 2/2
   883 | D:2      | Reached XP level 3. HP: 20/28 MP: 3/3
   887 | D:2      | Slain by a hobgoblin

Illustrated notes

Levels and vault maps discovered:
D:1:      amcnicky_arrival_flooded_fountain, layout_loops_ring,
          minmay_misc_feat_chi
D:2:      layout_basic, basic_altar, hellmonk_ecumenical_altar_dog_temple

Action                     || total
---------------------------++-------
  Melee: Club              ||    84
         Tailslap          ||    12
  Evoke: Wand              ||     7
   Stab: Sleeping          ||     1
 Armour: Skin              ||    46
  Dodge: Dodged            ||    53

Table legend: (Time is in decaauts)
 A = Elapsed time spent in this place.
 B = Non-inter-level travel time spent in this place.
 C = Inter-level travel time spent in this place.
 D = Time resting spent in this place.
 E = Time spent auto-exploring this place.
 F = Levels seen in this place.
 G = Mean time per level.
                   A        B        C        D        E       F      G
               +--------+--------+--------+--------+--------+-----+--------+
         Total |    914 |    896 |     18 |     91 |    616 |   2 |  457.0 |
       Dungeon |    914 |    896 |     18 |     91 |    616 |   2 |  457.0 |
               +--------+--------+--------+--------+--------+-----+--------+

Top non-repeatable levels by time:
     D:1: 644 daAuts
     D:2: 269 daAuts
